 Dungeon Sprint DCSS version 0.22-a0-877-g5c4e1af (webtiles) character file.

19168 Brynnhild the Draconian Aeon (level 12, -5/112 HPs)
             Began as a Yellow Draconian Monk on July 29, 2018.
             Was the Champion of Cheibriados.
             Slain by an ettin
             ... wielding a +0 great mace
              (29 damage)
             ... in the Dungeon (Sprint IX: "|||||||||||||||||||||||||||||").
             The game lasted 00:07:54 (2395 turns).

Brynnhild the Draconian Aeon (DrMo)                 Turns: 2395, Time: 00:07:55

Health: -5/112     AC: 12    Str: 31    XL:     12   Next: 34%
Magic:  2/27       EV: 29    Int: 26    God:    Cheibriados [******]
Gold:   1359       SH:  0    Dex: 37    Spells: 11/11 levels left

rFire    . . .     SeeInvis .   l - +2 scimitar (flame)
rCold    . . .     Gourm    .   (no shield)
rNeg     . . .     Faith    .   (armour unavailable)
rPois    .         Spirit   .   (helmet restricted)
rElec    .         Reflect  .   x - +0 cloak {+Inv}
rCorr    +         Harm     .   F - +1 pair of gloves
MR       .....     NoTele   +   m - +0 pair of boots
Stlth    +++.......             (no amulet)
HPRegen  0.28/turn              p - +3 ring of strength
MPRegen  0.20/turn              o - +3 ring of dexterity

@: very slow
A: spit acid, acid resistance, unfitting armour, cold-blooded, AC +8
a: Breathe Acid, Bend Time, Temporal Distortion, Slouch, Step From Time,
Renounce Religion, Evoke Invisibility


You were in the Dungeon.
You worshipped Cheibriados.
Cheibriados was exalted by your worship.
You were hungry.

You visited 1 branch You collected 1909 gold pieces.
You spent 550 gold pieces at shops.

Inventory:

Hand Weapons
 a - a +0 falchion
 l - a +2 scimitar of flaming (weapon)
 D - a +1 double sword
 E - a +4 falchion of venom
Missiles
 r - 4 curare-tipped needles
Armour
 m - a +0 pair of boots (worn)
 n - a +0 pair of gloves
 u - a +0 pair of gloves
 v - a +0 cloak
 x - a +0 cloak of invisibility (worn)
 F - a +1 pair of gloves (worn)
Jewellery
 o - a +3 ring of dexterity (right hand)
 p - a +3 ring of strength (left hand)
 y - an uncursed ring of protection from cold
 A - an uncursed ring of ice
 B - an uncursed ring of ice
 C - an uncursed ring of protection from fire
Wands
 k - a wand of acid (4)
 w - a wand of digging (12)
Scrolls
 h - 5 scrolls of blinking
 i - 3 scrolls of remove curse
 j - 2 scrolls of amnesia
 t - 3 scrolls of fear
 H - 5 scrolls of identify
 I - 2 scrolls of enchant armour
Potions
 c - 6 potions of curing
 d - 5 potions of heal wounds
 e - 2 potions of haste
 f - 2 potions of magic
 g - a potion of invisibility
 q - a potion of resistance
 s - 2 potions of mutation
 G - a potion of agility
Comestibles
 b - 22 rations
 z - 2 chunks of flesh


   Skills:
 + Level 11.9 Fighting
 + Level 14.6 Long Blades
 + Level 12.3 Dodging
 - Level 1.7 Stealth
 * Level 7.3 Unarmed Combat
 * Level 22.0 Invocations


You had 11 spell levels left.
You didn't know any spells.
Your spell library was empty.

Dungeon Overview and Level Annotations

Branches:
Dungeon (1/1)

Altars:
Cheibriados
Dithmenos
Elyvilon
Fedhas
Gozag
Hepliaklqana
Kikubaaqudgha
Makhleb
Nemelex Xobeh
Okawaru
Qazlal
Ru
Sif Muna
Trog
Uskayaw
Vehumet
Wu Jian
Xom
Yredelemnul
Zin
The Shining One
Beogh
Jiyva
Lugonu

Shops:
D (%*[


Innate Abilities, Weirdness & Mutations

You can spit globs of acid.
You are resistant to acid.
Your golden yellow scales are hard. (AC +8)
You cannot fit into any form of body armour.
You are cold-blooded and may be slowed by cold attacks.


Message History

Unknown command.
You can feel time thicken for a moment.
You kill the ettin!
Cheibriados appreciates the change of pace.
Your Unarmed Combat skill increases to level 7!
You kill the ogre mage!
Cheibriados thoroughly appreciates the change of pace.
You kill the yaktaur!
Cheibriados thoroughly appreciates the change of pace.
Your Invocations skill increases to level 22!
You feel somewhat more hungry.
Unknown command.
Unknown command.
Unknown command.
A stone giant comes into view.
Things that are here:
a great mace x2
The stone giant shouts!
The ettin hits you with a great mace!!
You die...

▓▓▓▓▓▓▓▓▓▓▓▓▓▓▓▓▓▓▓▓▓▓▓▓
..C...C@)...[)........!.
▓▓▓▓▓▓▓▓▓▓▓▓▓▓▓▓▓▓▓▓▓▓▓▓▓▓▓▓▓▓▓▓▓
............................)....
▓▓▓▓▓▓▓▓▓▓▓▓▓▓▓▓▓▓▓▓▓▓▓▓▓▓▓▓▓▓▓▓▓
......'...))∩.∩)∩)∩).)))'....))))
▓▓▓▓▓▓▓▓▓▓▓▓▓▓▓▓▓▓▓▓▓▓▓▓▓▓▓▓▓▓▓▓▓
.................................
▓▓▓▓▓▓▓▓▓▓▓▓▓▓▓▓▓▓▓▓▓▓▓▓▓▓▓▓▓▓▓▓▓
.'..[.[[..'[.((.......÷'.......÷÷


You could see a stone giant and an ettin.

Vanquished Creatures
  A fire dragon (D)
  An ettin (D)
  An ogre mage (D)
  An ice dragon (D)
  A catoblepas (D)
  9 orc high priests (D)
  3 lindwurms (D)
  2 orc knights (D)
  A deep elf mage (D)
  An orc sorcerer (D)
  An ugly thing (D)
  Maurice (D)
  A black mamba (D)
  An elephant (D)
  Joseph (D)
  A gargoyle (D)
  A spiny frog (D)
  2 freezing wraiths (D)
  A yaktaur (D)
  2 tyrant leeches (D)
  A blink frog (D)
  A wraith (D)
  2 yaks (D)
  2 vampire mosquitoes (D)
  A basilisk (D)
  3 water moccasins (D)
  A porcupine (D)
  10 orc warriors (D)
  A black bear (shapeshifter) (D)
  A black bear (D)
  A sky beast (D)
  2 centaurs (D)
  3 crocodiles (D)
  6 bullfrogs (D)
  A crimson imp (D)
  9 orc priests (D)
  3 orc wizards (D)
  An adder (D)
  An ooze (D)
  3 worms (D)
  7 orcs (D)
  A bat zombie (D)
  A quokka (D)
  2 bats (D)
  A quokka skeleton (D)
  3 rats (D)
101 creatures vanquished.

Notes
Turn   | Place    | Note
-------+----------+-------------------------------------------
     0 | D        | Brynnhild the Draconian Monk began the quest for the Orb.
     0 | D        | Reached XP level 1. HP: 19/19 MP: 1/1
    34 | D        | Noticed a water moccasin
    34 | D        | Noticed a crimson imp
    37 | D        | Reached XP level 2. HP: 26/26 MP: 2/2
    38 | D        | Reached skill level 5 in Long Blades
    43 | D        | Killed a water moccasin
    43 | D        | Reached skill level 5 in Dodging
    43 | D        | Reached XP level 3. HP: 31/31 MP: 3/3
    43 | D        | Reached XP level 4. HP: 38/38 MP: 4/4
    72 | D        | Reached XP level 5. HP: 30/45 MP: 5/5
   176 | D        | Found a roughly hewn altar of Beogh.
   176 | D        | Found a snail-covered altar of Cheibriados.
   176 | D        | Found a shadowy altar of Dithmenos.
   176 | D        | Found a white marble altar of Elyvilon.
   176 | D        | Found a blossoming altar of Fedhas.
   176 | D        | Found an opulent altar of Gozag.
   177 | D        | Found a hazy altar of Hepliaklqana.
   178 | D        | Found a viscous altar of Jiyva.
   179 | D        | Found an ancient bone altar of Kikubaaqudgha.
   180 | D        | Became a worshipper of Cheibriados the Contemplative
   180 | D        | Reached * piety under Cheibriados
   180 | D        | Reached ** piety under Cheibriados
   181 | D        | Found a corrupted altar of Lugonu.
   182 | D        | Found a burning altar of Makhleb.
   183 | D        | Found a sparkling altar of Nemelex Xobeh.
   184 | D        | Found an iron altar of Okawaru.
   185 | D        | Found a stormy altar of Qazlal.
   186 | D        | Found a sacrificial altar of Ru.
   187 | D        | Found a deep blue altar of Sif Muna.
   188 | D        | Found a bloodstained altar of Trog.
   189 | D        | Found a hide-covered altar of Uskayaw.
   190 | D        | Found a radiant altar of Vehumet.
   191 | D        | Found an ornate altar of the Wu Jian Council.
   192 | D        | Found a shimmering altar of Xom.
   193 | D        | Found a basalt altar of Yredelemnul.
   194 | D        | Found a glowing silver altar of Zin.
   195 | D        | Found a glowing golden altar of the Shining One.
   234 | D        | Noticed a yak
   234 | D        | Noticed a centaur
   234 | D        | Noticed a gargoyle
   234 | D        | Noticed a centaur
   238 | D        | Killed a centaur
   238 | D        | Reached *** piety under Cheibriados
   238 | D        | Reached skill level 2 in Invocations
   240 | D        | Killed a centaur
   240 | D        | Reached skill level 5 in Fighting
   240 | D        | Reached skill level 10 in Long Blades
   240 | D        | Reached skill level 3 in Invocations
   240 | D        | Reached XP level 6. HP: 48/56 MP: 5/8
   241 | D        | Killed a gargoyle
   241 | D        | Reached skill level 5 in Invocations
   241 | D        | Your scales start taking on a golden yellow colour.
   241 | D        | Reached XP level 7. HP: 54/64 MP: 5/11
   251 | D        | Killed a yak
   251 | D        | Reached **** piety under Cheibriados
   251 | D        | Reached skill level 6 in Invocations
   307 | D        | Noticed a white ugly thing
   312 | D        | Reached ***** piety under Cheibriados
   314 | D        | Reached XP level 8. HP: 74/74 MP: 6/13
   314 | D        | Reached skill level 7 in Invocations
   315 | D        | Killed a white ugly thing
   521 | D        | Noticed a spiny frog
   522 | D        | Reached skill level 8 in Invocations
   522 | D        | Reached ****** piety under Cheibriados
   522 | D        | Reached skill level 10 in Dodging
   523 | D        | Noticed a catoblepas
   524 | D        | Killed a spiny frog
   524 | D        | Reached XP level 9. HP: 85/85 MP: 8/15
   539 | D        | Reached skill level 10 in Fighting
   539 | D        | Reached skill level 9 in Invocations
   543 | D        | Killed a catoblepas
   543 | D        | Reached skill level 10 in Invocations
   856 | D        | Noticed an elephant
   858 | D        | Reached skill level 11 in Invocations
   860 | D        | Killed an elephant
   860 | D        | Reached skill level 12 in Invocations
   860 | D        | Reached XP level 10. HP: 83/94 MP: 7/19
   862 | D        | Noticed a black mamba
   877 | D        | Killed a black mamba
  1136 | D        | Noticed a lindwurm
  1136 | D        | Noticed a lindwurm
  1136 | D        | Noticed a lindwurm
  1140 | D        | Killed a lindwurm
  1140 | D        | Reached skill level 13 in Invocations
  1140 | D        | Killed a lindwurm
  1140 | D        | Reached skill level 14 in Invocations
  1140 | D        | Killed a lindwurm
  1591 | D        | Noticed Maurice
  1607 | D        | Killed Maurice
  1607 | D        | Reached skill level 1 in Unarmed Combat
  1607 | D        | Reached skill level 15 in Invocations
  1728 | D        | Noticed an orc sorcerer
  1728 | D        | Noticed an orc knight
  1729 | D        | Noticed an orc high priest
  1731 | D        | Killed an orc sorcerer
  1731 | D        | Reached skill level 16 in Invocations
  1732 | D        | Killed an orc high priest
  1732 | D        | Reached XP level 11. HP: 84/102 MP: 11/23
  1734 | D        | Killed an orc knight
  1734 | D        | Reached skill level 17 in Invocations
  1735 | D        | Noticed an orc high priest
  1741 | D        | Killed an orc high priest
  2031 | D        | Found Ahoppesie's Armour Boutique.
  2031 | D        | Noticed an orc high priest
  2031 | D        | Noticed an orc high priest
  2036 | D        | Found Wyenugij's General Store.
  2038 | D        | Killed an orc high priest
  2038 | D        | Reached skill level 18 in Invocations
  2038 | D        | Killed an orc high priest
  2121 | D        | Found Qyusod's Food Boutique.
  2123 | D        | Noticed an orc high priest
  2124 | D        | Found Tini's Antique Weapon Shop.
  2125 | D        | Noticed an orc high priest
  2125 | D        | Noticed an orc high priest
  2126 | D        | Noticed an orc high priest
  2127 | D        | Noticed a sixfirhy
  2130 | D        | Killed an orc high priest
  2130 | D        | Killed an orc high priest
  2130 | D        | Reached skill level 5 in Unarmed Combat
  2130 | D        | Reached skill level 19 in Invocations
  2130 | D        | Killed an orc high priest
  2132 | D        | Killed an orc high priest
  2133 | D        | Noticed an orc high priest
  2140 | D        | Killed an orc high priest
  2140 | D        | Reached skill level 20 in Invocations
  2192 | D        | Bought a ration for 50 gold pieces
  2192 | D        | Bought a ration for 50 gold pieces
  2192 | D        | Bought a ration for 50 gold pieces
  2192 | D        | Bought a ration for 50 gold pieces
  2192 | D        | Bought a ration for 50 gold pieces
  2192 | D        | Bought a ration for 50 gold pieces
  2192 | D        | Bought a ration for 50 gold pieces
  2192 | D        | Bought a ration for 50 gold pieces
  2192 | D        | Bought a ration for 50 gold pieces
  2192 | D        | Bought a ration for 50 gold pieces
  2192 | D        | Bought a ration for 50 gold pieces
  2233 | D        | Noticed Joseph
  2254 | D        | Killed Joseph
  2360 | D        | Noticed an orc knight
  2360 | D        | Noticed a deep elf mage
  2364 | D        | Killed a deep elf mage
  2366 | D        | Noticed a fire dragon
  2369 | D        | Killed an orc knight
  2369 | D        | Reached XP level 12. HP: 84/111 MP: 16/26
  2374 | D        | Noticed an ice dragon
  2379 | D        | Killed a fire dragon
  2379 | D        | Reached skill level 21 in Invocations
  2381 | D        | Noticed an ettin
  2387 | D        | Killed an ice dragon
  2388 | D        | Noticed an ogre mage
  2390 | D        | Noticed an ettin
  2393 | D        | Killed an ettin
  2393 | D        | Killed an ogre mage
  2393 | D        | Reached skill level 22 in Invocations
  2394 | D        | Noticed a stone giant
  2395 | D        | Slain by an ettin

Vault maps used:
D:        linesprint

Skill      XL: |  1  2  3  4  5  6  7  8  9 10 11 12 |
---------------+-------------------------------------+-----
Dodging        | 3 5 7 8 9 10 11 12 | 12.3
Long Blades    | 4 8 9 10 11 13 14 | 14.6
Fighting       | 5 6 8 9 10 11 | 11.9
Invocations    | 3 5 6 8 12 16 20 22 | 22.0
Unarmed Combat | 3 6 7 |  7.3
Stealth        | |  1.7

Action                   |  1- 3 |  4- 6 |  7- 9 | 10-12 || total
-------------------------+-------+-------+-------+-------++-------
Melee: Falchion          |    20 |    19 |    15 |    84 ||   138
       Tailslap          |     3 |     2 |     5 |    39 ||    49
       Scimitar          |       |       |       |    19 ||    19
       Punch             |       |       |       |     1 ||     1
Invok: Slouch            |       |       |     9 |    29 ||    38
 Abil: Breathe Acid      |       |       |     3 |     4 ||     7
Evoke: Wand              |       |     4 |     1 |     1 ||     6
  Use: Potion            |     1 |       |     1 |     4 ||     6
 Stab: Sleeping          |       |     1 |       |     3 ||     4
  Eat: Chunk             |       |       |       |     7 ||     7
Armor: Skin              |     6 |     7 |     1 |     5 ||    19
Dodge: Dodged            |    15 |     7 |    16 |   101 ||   139
       Rpst.: Falchion   |     8 |     4 |     6 |    10 ||    28
       Scimitar          |       |       |       |     5 ||     5

Table legend:
 A = Spawn XP
 B = Non-spawn XP
 C = Spawn XP percentage of total XP
 D = Spawn monster count
 E = Non-spawn monster count
 F = Spawn count percentage of total count
 G = Total turns spent on level
                    A         B        C        D         E        F      G
               +---------+---------+-------+---------+---------+-------+---------
         Total |       0 |   27384 |   0.0 |       0 |     101 |   0.0 |  2395
               +---------+---------+-------+---------+---------+-------+---------
             D |       0 |   27384 |   0.0 |       0 |     101 |   0.0 |  2395
               +---------+---------+-------+---------+---------+-------+---------
